| TOP OF THE 1ST |
|
Cleveland (APP) Indians batting - Pitching for Boston (APP) Red Sox : RHP Chris Cory
|
|
Pitching: RHP Chris Cory
|
|
|
Batting: RHB John Clark
|
0-0: Called Strike 0-1: Swinging Strike 0-2: Foul Ball, location: 2F 0-2: Fly out, F9 (Flyball, 89S, EV 90.0 MPH)
|
|
Batting: RHB Carlos Manriquez
|
0-0: Foul Ball, location: 2F 0-1: Called Strike 0-2: Ball 1-2: Strikes out swinging
|
|
Batting: RHB Juan Gallardo
|
0-0: Called Strike 0-1: Foul Ball, location: 2F 0-2: Ball 1-2: Ball 2-2: Strikes out looking
|
| Top of the 1st over - 0 runs, 0 hits, 0 errors, 0 left on base; Cleveland (APP) 0 - Boston (APP) 0 |
| BOTTOM OF THE 1ST |
|
Boston (APP) Red Sox batting - Pitching for Cleveland (APP) Indians : RHP Mike Shields
|
|
Pitching: RHP Mike Shields
|
|
|
Batting: RHB Curt Stallings
|
0-0: Ball 1-0: Called Strike 1-1: Swinging Strike 1-2: Ball 2-2: Strikes out looking
|
|
Batting: RHB Joe Booth
|
0-0: Ball 1-0: Ball 2-0: Ball 3-0: Base on Balls
|
|
Batting: RHB Frank Sokolosky
|
0-0: Called Strike Joe Booth steals 2nd, throwing error, E2 Joe Booth to third 0-1: Fly out, F8 (Flyball, 89M, EV 83.8 MPH) Runner from 3rd tags up, SCORES, throw by CF
|
|
Batting: LHB Frank Olivo
|
0-0: Ball 1-0: Foul Ball, location: 2F 1-1: Foul Ball, location: 2F 1-2: Ball 2-2: Ball 3-2: SINGLE (Groundball, 34D, EV 100.6 MPH)
|
|
Batting: SHB Eric Evans
|
0-0: Called Strike 0-1: Ground out 4-3 (Groundball, 34, EV 78.8 MPH)
|
| Bottom of the 1st over - 1 run, 1 hit, 1 error, 1 left on base; Cleveland (APP) 0 - Boston (APP) 1 |
| TOP OF THE 2ND |
|
Cleveland (APP) Indians batting - Pitching for Boston (APP) Red Sox : RHP Chris Cory
|
|
Batting: RHB Luis Roman
|
0-0: Ball 1-0: Foul Ball, location: 2F 1-1: Foul Ball, location: 2F 1-2: Foul Ball, location: 2F 1-2: Fly out, F9 (Flyball, 9LS, EV 84.4 MPH)
|
|
Batting: LHB Kenji Yokoyama
|
0-0: Swinging Strike 0-1: Swinging Strike 0-2: Ball 1-2: Ball 2-2: Foul Ball, location: 2F 2-2: Ball 3-2: Strikes out swinging
|
|
Batting: RHB Joe Shade
|
0-0: Swinging Strike 0-1: Swinging Strike 0-2: Fly out, F8 (Flyball, 8RM, EV 90.6 MPH)
|
| Top of the 2nd over - 0 runs, 0 hits, 0 errors, 0 left on base; Cleveland (APP) 0 - Boston (APP) 1 |
| BOTTOM OF THE 2ND |
|
Boston (APP) Red Sox batting - Pitching for Cleveland (APP) Indians : RHP Mike Shields
|
|
Pitching: RHP Gilbert Paparelli
|
|
|
Batting: RHB John Doucette
|
0-0: Ball 1-0: Called Strike 1-1: SINGLE (Flyball, 8RS, EV 91.2 MPH)
|
|
Batting: RHB Ben Crossley
|
0-0: Foul Ball, location: 2F 0-1: Foul Ball, location: 2F 0-2: SINGLE (Groundball, 6MS, EV 71.2 MPH) (infield hit) John Doucette to second
|
|
Batting: RHB Dominique Paolozzi
|
0-0: Ball 1-0: Swinging Strike 1-1: Ball 2-1: Ball 3-1: Base on Balls John Doucette to third Ben Crossley to second
|
|
Batting: RHB Paul Bennett
|
0-0: Grounds into double play, 4-6-3 (Groundball, 13, EV 85.6 MPH) John Doucette scores Ben Crossley to third
|
|
Batting: RHB Curt Stallings
|
0-0: SINGLE (Groundball, 4MS, EV 68.1 MPH) (infield hit) Ben Crossley scores
|
|
Batting: RHB Joe Booth
|
0-0: Ball 1-0: Ball 2-0: Ball 3-0: Base on Balls Curt Stallings to second
|
|
Batting: RHB Frank Sokolosky
|
0-0: Foul Ball, location: 2F 0-1: Called Strike 0-2: Foul Ball, location: 2F 0-2: Foul Ball, location: 2F 0-2: Foul Ball, location: 2F 0-2: Ball 1-2: Ball Passed Ball! Curt Stallings to third Joe Booth to second 2-2: Ball 3-2: Base on Balls
|
|
Pitching: LHP Jordan Jimenez
|
|
|
Batting: LHB Frank Olivo
|
0-0: Ball 1-0: Ball Wild Pitch! Curt Stallings scores Joe Booth to third Frank Sokolosky to second 2-0: Called Strike 2-1: Foul Ball, location: 2F 2-2: Ball 3-2: TRIPLE (Flyball, 7D, EV 87.5 MPH) Joe Booth scores Frank Sokolosky scores
|
|
Batting: SHB Eric Evans
|
0-0: Ball 1-0: Ball 2-0: Called Strike 2-1: Ball Passed Ball! Frank Olivo scores 3-1: Base on Balls
|
|
Batting: RHB John Doucette
|
0-0: Ball Passed Ball! Eric Evans to second 1-0: Called Strike 1-1: Ball Wild Pitch! Eric Evans to third 2-1: Foul Ball, location: 2F 2-2: Foul Ball, location: 2F 2-2: Ball 3-2: Foul Ball, location: 2F 3-2: Base on Balls
|
|
Batting: RHB Ben Crossley
|
0-0: Ball 1-0: Ball 2-0: Called Strike 2-1: Ball 3-1: Called Strike 3-2: Foul Ball, location: 2F 3-2: Base on Balls John Doucette to second
|
|
Batting: RHB Dominique Paolozzi
|
0-0: Ball 1-0: Single, Error in OF, E9, batter to second base (Line Drive, 9S, EV 106.9 MPH) Eric Evans scores John Doucette scores Ben Crossley to third
|
|
Batting: RHB Paul Bennett
|
0-0: Ball Wild Pitch! Ben Crossley scores Dominique Paolozzi to third 1-0: Ball Passed Ball! Dominique Paolozzi scores 2-0: Ball 3-0: Base on Balls
|
|
Batting: RHB Curt Stallings
|
0-0: Ball 1-0: Ball Passed Ball! Paul Bennett to second 2-0: Called Strike 2-1: Ball Passed Ball! Paul Bennett to third 3-1: 2-RUN HOME RUN (Flyball, 7LD, EV 91.9 MPH), Distance : 339 ft
|
|
Batting: RHB Joe Booth
|
0-0: DOUBLE (Flyball, 8LXD, EV 106.9 MPH)
|
|
Batting: RHB Frank Sokolosky
|
0-0: Swinging Strike 0-1: Fly out, F9 (Flyball, 9LM, EV 76.2 MPH)
|
| Bottom of the 2nd over - 12 runs, 7 hits, 1 error, 1 left on base; Cleveland (APP) 0 - Boston (APP) 13 |
| TOP OF THE 3RD |
|
Cleveland (APP) Indians batting - Pitching for Boston (APP) Red Sox : RHP Chris Cory
|
|
Batting: LHB Heath Ryland
|
0-0: Called Strike 0-1: SINGLE (Groundball, 56D, EV 102.5 MPH)
|
|
Batting: RHB Ken Shear
|
0-0: Ball 1-0: Swinging Strike 1-1: Foul Ball, location: 2F 1-2: Strikes out looking
|
|
Batting: LHB Jose Esteban
|
0-0: Bunted foul 0-1: Bunted foul 0-2: Ball 1-2: Ball 2-2: Sac Bunt to P - play at first, batter OUT! 1-3 Heath Ryland to second
|
|
Batting: RHB John Clark
|
0-0: Ball 1-0: Swinging Strike 1-1: Foul Ball, location: 2F 1-2: Strikes out swinging
|
| Top of the 3rd over - 0 runs, 1 hit, 0 errors, 1 left on base; Cleveland (APP) 0 - Boston (APP) 13 |
| BOTTOM OF THE 3RD |
|
Boston (APP) Red Sox batting - Pitching for Cleveland (APP) Indians : LHP Jordan Jimenez
|
|
Batting: LHB Frank Olivo
|
0-0: SINGLE (Line Drive, 6MD, EV 99.4 MPH)
|
|
Batting: SHB Eric Evans
|
0-0: Ball Wild Pitch! Frank Olivo to second 1-0: Foul Ball, location: 2F 1-1: 2-RUN HOME RUN (Flyball, 7LD, EV 93.1 MPH), Distance : 339 ft
|
|
Batting: RHB John Doucette
|
0-0: Ball 1-0: Foul Ball, location: 2F 1-1: Swinging Strike 1-2: Ball 2-2: Ball 3-2: Base on Balls
|
|
Batting: RHB Ben Crossley
|
0-0: Ball 1-0: Fly out, F7 (Flyball, 7D, EV 96.2 MPH)
|
|
Batting: RHB Dominique Paolozzi
|
0-0: SINGLE (Groundball, P, EV 83.8 MPH) (infield hit) John Doucette to second
|
|
Batting: RHB Paul Bennett
|
0-0: Swinging Strike 0-1: Foul Ball, location: 2F 0-2: Ball 1-2: Foul Ball, location: 2F 1-2: Foul Ball, location: 2F 1-2: Ball Passed Ball! John Doucette to third Dominique Paolozzi to second 2-2: Strikes out looking
|
|
Batting: RHB Curt Stallings
|
0-0: Ball 1-0: Ball 2-0: Ball 3-0: Called Strike 3-1: Base on Balls
|
|
Batting: RHB Joe Booth
|
0-0: Ball 1-0: Swinging Strike 1-1: Ball 2-1: Called Strike 2-2: Ball 3-2: Base on Balls John Doucette scores Dominique Paolozzi to third Curt Stallings to second
|
|
Batting: RHB Frank Sokolosky
|
0-0: Ball Wild Pitch! Dominique Paolozzi scores Curt Stallings to third Joe Booth to second 1-0: Ball Passed Ball! Curt Stallings scores Joe Booth to third 2-0: Ball Passed Ball! Joe Booth scores 3-0: Base on Balls
|
|
Batting: LHB Frank Olivo
|
0-0: Foul Ball, location: 2F 0-1: Fly out, F9 (Line Drive, 9, EV 97.5 MPH)
|
| Bottom of the 3rd over - 6 runs, 3 hits, 0 errors, 1 left on base; Cleveland (APP) 0 - Boston (APP) 19 |
| TOP OF THE 4TH |
|
Cleveland (APP) Indians batting - Pitching for Boston (APP) Red Sox : RHP Chris Cory
|
|
Batting: RHB Carlos Manriquez
|
0-0: Ball 1-0: Ball 2-0: Foul Ball, location: 2F 2-1: Foul Ball, location: 2F 2-2: Ground out 6-3 (Groundball, 6, EV 100.0 MPH)
|
|
Batting: RHB Juan Gallardo
|
0-0: Ball 1-0: Swinging Strike 1-1: Ball 2-1: Called Strike 2-2: Foul Ball, location: 2F 2-2: Strikes out swinging
|
|
Batting: RHB Luis Roman
|
0-0: Ball 1-0: Called Strike 1-1: Foul Ball, location: 2F 1-2: Strikes out swinging
|
| Top of the 4th over - 0 runs, 0 hits, 0 errors, 0 left on base; Cleveland (APP) 0 - Boston (APP) 19 |
| BOTTOM OF THE 4TH |
|
Boston (APP) Red Sox batting - Pitching for Cleveland (APP) Indians : LHP Jordan Jimenez
|
|
Batting: SHB Eric Evans
|
0-0: Ball 1-0: Ball 2-0: Ball 3-0: Base on Balls
|
|
Batting: RHB John Doucette
|
0-0: Foul Ball, location: 2F 0-1: Fly out, F4 (Popup, 4, EV 54.4 MPH)
|
|
Batting: RHB Ben Crossley
|
0-0: Ball 1-0: Foul Ball, location: 2F 1-1: Ball 2-1: Ball 3-1: Base on Balls Eric Evans to second
|
|
Batting: RHB Dominique Paolozzi
|
0-0: Fielders Choice at 2nd, 6-4 (Groundball, 6, EV 104.4 MPH) Eric Evans to third
|
|
Batting: RHB Paul Bennett
|
0-0: Called Strike 0-1: Swinging Strike 0-2: Strikes out swinging
|
| Bottom of the 4th over - 0 runs, 0 hits, 0 errors, 2 left on base; Cleveland (APP) 0 - Boston (APP) 19 |
| TOP OF THE 5TH |
|
Cleveland (APP) Indians batting - Pitching for Boston (APP) Red Sox : RHP Chris Cory
|
|
Batting: LHB Kenji Yokoyama
|
0-0: Called Strike 0-1: Ball 1-1: Ball 2-1: Called Strike 2-2: SINGLE (Groundball, 3D, EV 99.4 MPH)
|
|
Batting: RHB Joe Shade
|
0-0: SINGLE (Groundball, 56D, EV 110.6 MPH) Kenji Yokoyama to second
|
|
Batting: LHB Heath Ryland
|
0-0: Foul Ball, location: 2F 0-1: Ball 1-1: Ball 2-1: Foul Ball, location: 2F 2-2: Foul Ball, location: 2F 2-2: Strikes out swinging
|
|
Batting: RHB Ken Shear
|
0-0: Ball 1-0: Ball 2-0: Ball 3-0: Called Strike 3-1: Called Strike 3-2: Foul Ball, location: 2F 3-2: Grounds into double play, 4-6-3 (Groundball, 4, EV 85.0 MPH)
|
| Top of the 5th over - 0 runs, 2 hits, 0 errors, 1 left on base; Cleveland (APP) 0 - Boston (APP) 19 |
| BOTTOM OF THE 5TH |
|
Boston (APP) Red Sox batting - Pitching for Cleveland (APP) Indians : LHP Jordan Jimenez
|
|
Batting: RHB Curt Stallings
|
0-0: Ground out 6-3 (Groundball, 4M, EV 85.0 MPH)
|
|
Batting: RHB Joe Booth
|
0-0: SOLO HOME RUN (Flyball, 78XD, EV 107.5 MPH), Distance : 420 ft
|
|
Batting: RHB Frank Sokolosky
|
0-0: Called Strike 0-1: Fly out, F8 (Line Drive, 8RM, EV 93.8 MPH)
|
|
Batting: LHB Frank Olivo
|
0-0: Called Strike 0-1: Ball 1-1: Swinging Strike 1-2: Ball 2-2: Ball 3-2: Base on Balls
|
|
Batting: SHB Eric Evans
|
0-0: Fly out, F8 (Flyball, 8RM, EV 91.9 MPH)
|
| Bottom of the 5th over - 1 run, 1 hit, 0 errors, 1 left on base; Cleveland (APP) 0 - Boston (APP) 20 |
| TOP OF THE 6TH |
|
Cleveland (APP) Indians batting - Pitching for Boston (APP) Red Sox : RHP Chris Cory
|
|
Batting: LHB Jose Esteban
|
0-0: Ground out 4-3 (Groundball, 34D, EV 101.9 MPH)
|
|
Batting: RHB John Clark
|
0-0: Called Strike 0-1: Ball 1-1: Ball 2-1: Foul Ball, location: 2F 2-2: Strikes out looking
|
|
Batting: RHB Carlos Manriquez
|
0-0: Ball 1-0: Ball 2-0: Swinging Strike 2-1: Swinging Strike 2-2: Strikes out looking
|
| Top of the 6th over - 0 runs, 0 hits, 0 errors, 0 left on base; Cleveland (APP) 0 - Boston (APP) 20 |
| BOTTOM OF THE 6TH |
|
Boston (APP) Red Sox batting - Pitching for Cleveland (APP) Indians : LHP Jordan Jimenez
|
|
Batting: RHB John Doucette
|
0-0: Called Strike 0-1: SINGLE (Groundball, 6MD, EV 102.5 MPH)
|
|
Batting: RHB Ben Crossley
|
0-0: Called Strike 0-1: Ball 1-1: Ball 2-1: Ball 3-1: Base on Balls John Doucette to second
|
|
Batting: RHB Dominique Paolozzi
|
0-0: Reached on error, E3 (Groundball, 34, EV 85.0 MPH) John Doucette to third Ben Crossley to second
|
|
Batting: RHB Paul Bennett
|
0-0: Called Strike 0-1: Fly out, F7 (Flyball, 7S, EV 85.6 MPH)
|
|
Batting: RHB Curt Stallings
|
0-0: Fielders Choice at 2nd, 6-4 (Groundball, 56, EV 86.2 MPH) John Doucette scores Ben Crossley to third
|
|
Batting: RHB Joe Booth
|
0-0: Reached on error, E5 (Groundball, 5S, EV 88.8 MPH) Ben Crossley scores Curt Stallings to third
|
|
Batting: RHB Frank Sokolosky
|
0-0: Called Strike 0-1: SINGLE (Line Drive, 8RS, EV 96.2 MPH) Curt Stallings scores Joe Booth to third Throwing error, E8 Joe Booth scores Frank Sokolosky to second
|
|
Batting: LHB Frank Olivo
|
0-0: Ball Passed Ball! Frank Sokolosky to third 1-0: Called Strike 1-1: Ball Passed Ball! Frank Sokolosky scores 2-1: Foul Ball, location: 2F 2-2: Ball 3-2: Base on Balls
|
|
Batting: SHB Eric Evans
|
0-0: Ground out 4-3 (Groundball, 4, EV 106.9 MPH)
|
| Bottom of the 6th over - 5 runs, 2 hits, 3 errors, 1 left on base; Cleveland (APP) 0 - Boston (APP) 25 |
| TOP OF THE 7TH |
|
Cleveland (APP) Indians batting - Pitching for Boston (APP) Red Sox : RHP Chris Cory
|
|
Batting: RHB Juan Gallardo
|
0-0: Ball 1-0: Called Strike 1-1: Called Strike 1-2: Foul Ball, location: 2F 1-2: Strikes out looking
|
|
Batting: RHB Luis Roman
|
0-0: Ball 1-0: Called Strike 1-1: Swinging Strike 1-2: Strikes out looking
|
|
Batting: LHB Kenji Yokoyama
|
0-0: Swinging Strike 0-1: Foul Ball, location: 2F 0-2: Strikes out swinging
|
| Top of the 7th over - 0 runs, 0 hits, 0 errors, 0 left on base; Cleveland (APP) 0 - Boston (APP) 25 |
| BOTTOM OF THE 7TH |
|
Boston (APP) Red Sox batting - Pitching for Cleveland (APP) Indians : LHP Jordan Jimenez
|
|
Batting: RHB John Doucette
|
0-0: Ball 1-0: Ball 2-0: Called Strike 2-1: Ball 3-1: Base on Balls
|
|
Batting: RHB Ben Crossley
|
0-0: SINGLE (Groundball, 34D, EV 106.9 MPH) John Doucette to second
|
|
Batting: RHB Dominique Paolozzi
|
0-0: Foul Ball, location: 2F 0-1: Swinging Strike Passed Ball! John Doucette to third Ben Crossley to second 0-2: Ball 1-2: Strikes out swinging
|
|
Batting: RHB Paul Bennett
|
0-0: SINGLE (Groundball, 4D, EV 98.1 MPH) John Doucette scores Ben Crossley to third Runner from 3rd tries for Home, SAFE, throw by CF to home
|
|
Pinch Hitting: RHB Scott Hawkins
|
0-0: Called Strike 0-1: DOUBLE (Flyball, 8LD, EV 101.2 MPH) Paul Bennett to third
|
|
Batting: RHB Joe Booth
|
0-0: Called Strike 0-1: Ball 1-1: Foul Ball, location: 2F 1-2: Foul Ball, location: 2F 1-2: SINGLE (Groundball, 6MD, EV 105.6 MPH) Paul Bennett scores Scott Hawkins to third
|
|
Pinch Hitting: LHB Stanislav Parusov
|
0-0: Ball 1-0: Ball 2-0: Ball 3-0: Base on Balls Joe Booth to second
|
|
Batting: LHB Frank Olivo
|
0-0: Fly out, F8 (Flyball, 8RD, EV 98.1 MPH) Throwing error, E8 Scott Hawkins scores Joe Booth to third Stanislav Parusov to second
|
|
Batting: SHB Eric Evans
|
0-0: Called Strike 0-1: Foul Ball, location: 2F 0-2: Ball 1-2: Ball 2-2: Ball 3-2: Foul Ball, location: 2F 3-2: Foul Ball, location: 2F 3-2: Base on Balls
|
|
Batting: RHB John Doucette
|
0-0: Reached on error, E6 (Groundball, 6S, EV 65.6 MPH) Joe Booth scores Stanislav Parusov to third Eric Evans to second
|
|
Batting: RHB Ben Crossley
|
0-0: Fly out, F7 (Flyball, 7, EV 89.4 MPH)
|
| Bottom of the 7th over - 5 runs, 4 hits, 2 errors, 3 left on base; Cleveland (APP) 0 - Boston (APP) 30 |
| TOP OF THE 8TH |
|
Cleveland (APP) Indians batting - Pitching for Boston (APP) Red Sox : RHP Chris Cory
|
|
Now at 3B: Paul Bennett
|
|
|
Now at SS: Stanislav Parusov
|
|
|
Now in LF: Scott Hawkins
|
|
|
Batting: RHB Joe Shade
|
0-0: Foul Ball, location: 2F 0-1: Called Strike 0-2: Ball 1-2: Ball 2-2: Ground out 5-3 (Groundball, 5, EV 102.5 MPH)
|
|
Pitching: RHP Victor Fuentes
|
|
|
Batting: LHB Heath Ryland
|
0-0: Called Strike 0-1: Swinging Strike 0-2: Fly out, F5 (Popup, 5F, EV 78.1 MPH)
|
|
Batting: RHB Ken Shear
|
0-0: Foul Ball, location: 2F 0-1: Ball 1-1: Ball 2-1: Called Strike 2-2: Fly out, F7 (Flyball, 78S, EV 92.5 MPH)
|
| Top of the 8th over - 0 runs, 0 hits, 0 errors, 0 left on base; Cleveland (APP) 0 - Boston (APP) 30 |
| BOTTOM OF THE 8TH |
|
Boston (APP) Red Sox batting - Pitching for Cleveland (APP) Indians : LHP Jordan Jimenez
|
|
Batting: RHB Dominique Paolozzi
|
0-0: SINGLE (Groundball, 6MS, EV 66.9 MPH) (infield hit)
|
|
Batting: RHB Paul Bennett
|
0-0: Ball 1-0: Called Strike 1-1: Ball 2-1: Ball Passed Ball! Dominique Paolozzi to second 3-1: Swinging Strike 3-2: Base on Balls
|
|
Batting: RHB Scott Hawkins
|
0-0: Ball 1-0: Ball 2-0: Fielders Choice at 2nd, 1-4 (Groundball, 15S, EV 75.0 MPH) Dominique Paolozzi to third
|
|
Batting: RHB Joe Booth
|
0-0: Ball 1-0: 3-RUN HOME RUN (Flyball, 7LD, EV 92.5 MPH), Distance : 338 ft
|
|
Pinch Hitting: RHB Rogelio Cervantes
|
0-0: Ground out 6-3 (Groundball, 6, EV 85.6 MPH)
|
|
Batting: LHB Frank Olivo
|
0-0: Ground out 5-3 (Groundball, 56, EV 88.8 MPH)
|
| Bottom of the 8th over - 3 runs, 2 hits, 0 errors, 0 left on base; Cleveland (APP) 0 - Boston (APP) 33 |
| TOP OF THE 9TH |
|
Cleveland (APP) Indians batting - Pitching for Boston (APP) Red Sox : RHP Victor Fuentes
|
|
Now at SS: Rogelio Cervantes
|
|
|
Batting: LHB Jose Esteban
|
0-0: SINGLE (Flyball, 6MD, EV 90.6 MPH)
|
|
Batting: RHB John Clark
|
0-0: Fly out, F8 (Flyball, 8LS, EV 95.0 MPH)
|
|
Batting: RHB Carlos Manriquez
|
0-0: Swinging Strike 0-1: Foul Ball, location: 2F 0-2: Strikes out looking
|
|
Batting: RHB Juan Gallardo
|
0-0: Called Strike 0-1: Ball 1-1: Swinging Strike 1-2: Ball 2-2: Ball 3-2: SINGLE (Groundball, 6MD, EV 104.4 MPH) Jose Esteban to second Jose Esteban to third
|
|
Batting: RHB Luis Roman
|
0-0: Ball 1-0: Called Strike 1-1: Called Strike 1-2: Foul Ball, location: 2F 1-2: Foul Ball, location: 2F 1-2: Strikes out swinging
|
| Top of the 9th over - 0 runs, 2 hits, 0 errors, 2 left on base; Cleveland (APP) 0 - Boston (APP) 33 |
|